 Dungeon Crawl Stone Soup version 0.29.1-15-g9cfb28693d (webtiles) character file.

Game seed: 14384784937262593176

162 nachturnus the Chopper (level 5, 0/41 HPs)
             Began as a Demonspawn Monk on Mar 16, 2023.
             Succumbed to an adder's poison
             ... on level 4 of the Dungeon.
             The game lasted 00:04:42 (3801 turns).

nachturnus the Chopper (Demonspawn Monk)            Turns: 3801, Time: 00:04:43

Health: 0/41       AC:  8    Str: 13    XL:     5   Next: 19%
Magic:  5/5        EV:  8    Int: 11    God:
Gold:   223        SH:  0    Dex: 16    Spells: 4/4 levels left

rFire   . . .      SeeInvis .   a - +0 hand axe
rCold   . . .      Faith    .   (no shield)
rNeg    . . .      Spirit   .   m - +0 chain mail
rPois   .          Reflect  .   (no helmet)
rElec   .          Harm     .   (no cloak)
rCorr   .          Rampage  .   (no gloves)
Will    .....                   (no boots)
Stlth   ..........              (no amulet)
HPRegen 0.13/turn               (no ring)
MPRegen 0.09/turn               (no ring)

@: lethally poisoned (0 -> -2)
A: repulsion field 1, powered by pain 1
a: no special abilities


You were on level 4 of the Dungeon.
You visited 1 branch of the dungeon, and saw 4 of its levels.

You collected 223 gold pieces.

Inventory:

Hand Weapons
 a - a +0 hand axe (weapon)
Armour
 m - a +0 chain mail (worn)
Scrolls
 d - 2 scrolls of torment {unknown}
 e - 2 scrolls of immolation {unknown}
 f - 3 scrolls of vulnerability {unknown}
 g - 2 scrolls of poison {unknown}
 i - 2 scrolls of teleportation {unknown}
 l - a scroll of identify {unknown}
Potions
 b - a potion of haste {unknown}
 c - a potion of ambrosia
 h - a potion of curing
 j - 3 potions of degeneration {unknown}
 k - a potion of lignification {unknown}


   Skills:
 - Level 3.0 Fighting
 + Level 5.4 Axes
 - Level 2.6 Dodging
 - Level 1.7 Stealth


You had 4 spell levels left.
You didn't know any spells.
Your spell library contained the following spells:

 Spells                   Type           Power      Damage    Failure   Level
 Magic Dart               Conj           0%         1d3       100%        1
 Searing Ray              Conj           0%         2d4       100%        2
 Fulminant Prism          Conj/Hex       0%         3d6       100%        4


Dungeon Overview and Level Annotations

Branches:
Dungeon (4/15)
 Temple: D:4-7

Altars:
Qazlal


Innate Abilities, Weirdness & Mutations

You are surrounded by a mild repulsion field. (EV +2)
You sometimes gain a little power by taking damage.


Message History

You slash the adder!
The adder is severely wounded.
The adder bites you. x2
* * * LOW HITPOINT WARNING * * *
You are poisoned.
The adder poisons you!
You closely miss the adder.
The adder is severely wounded.
You feel sick. The adder bites you.
* * * LOW HITPOINT WARNING * * *
You are lethally poisoned!
The adder poisons you!
You hit the adder but do no damage.
The adder is severely wounded.
* * * LOW HITPOINT WARNING * * *
You feel sick. The adder bites you but does no damage.
You barely miss the adder.
The adder is severely wounded.
* * * LOW HITPOINT WARNING * * *
You feel sick. The adder barely misses you.
The adder bites you but does no damage.
You closely miss the adder.
The adder is severely wounded.
* * * LOW HITPOINT WARNING * * *
You feel sick. The adder barely misses you.
You closely miss the adder.
The adder is severely wounded.
* * * LOW HITPOINT WARNING * * *
You feel sick. The adder bites you but does no damage.
You miss the adder.
The adder is severely wounded.
* * * LOW HITPOINT WARNING * * *
You feel sick. The adder closely misses you. The adder barely misses you.
You closely miss the adder.
The adder is severely wounded.
* * * LOW HITPOINT WARNING * * *
You feel sick. The adder barely misses you.
You hit the adder.
You kill the adder!
You die...

### $. #. ## #.#########.####
..# # #..#..)...S.....
###.#####.######.#.######.##.S
..........<..@.........#
.####.########.#####.##.#######
.#.............................
.........................>#####
#..........##.#####.#....#
#.....####.#........#....#
#..)...#.#.#..#######.)..#
#........#.#........#....#
#......#.#.#...####......#


There were no monsters in sight!

Vanquished Creatures
  A jelly (D:4)
  An iguana (D:3)
  3 adders
  2 worms (D:3)
  6 orcs (D:3)
  A bat skeleton (D:2)
  2 bat zombies (D:2)
  6 endoplasms
  3 giant cockroaches (D:3)
  8 goblins
  2 hobgoblins
  3 jackals (D:1)
  2 quokkas
  5 ball pythons
  A ball python skeleton (D:2)
  A ball python zombie (D:2)
  10 bats
  4 frilled lizards
  11 kobolds
  2 quokka skeletons (D:2)
  4 rats
78 creatures vanquished.

Vanquished Creatures (others)
  A withered plant (D:2)
1 creature vanquished.

Grand Total: 79 creatures vanquished

Notes
Turn   | Place    | Note
-------+----------+-------------------------------------------
     0 | D:1      | nachturnus the Demonspawn Monk began the quest for the Orb.
     0 | D:1      | Reached XP level 1. HP: 18/18 MP: 1/1
   158 | D:1      | Reached skill level 3 in Axes
   189 | D:1      | Found a faded altar of an unknown god.
   333 | D:1      | Gained mutation: You are surrounded by a mild repulsion
                  | field. (EV +2) [demonic ancestry]
   333 | D:1      | Reached XP level 2. HP: 14/24 MP: 2/2
  1063 | D:1      | Reached XP level 3. HP: 9/29 MP: 3/3
  1571 | D:2      | Reached skill level 4 in Axes
  2213 | D:2      | Gained mutation: You sometimes gain a little power by
                  | taking damage. [demonic ancestry]
  2213 | D:2      | Reached XP level 4. HP: 35/35 MP: 4/4
  2928 | D:3      | Identified the +2 sling of Dust {flame, rC+ Int+4 Stlth-}
  2982 | D:3      | Reached skill level 5 in Axes
  3623 | D:3      | Found a stormy altar of Qazlal.
  3731 | D:4      | Reached XP level 5. HP: 6/41 MP: 5/5
  3799 | D:4      | HP: 2/41 [poisoned by an adder]
  3801 | D:4      | Succumbed to an adder's poison

Illustrated notes

Levels and vault maps discovered:
D:1:      heliophobic_arrival_ceremonial_halls, layout_rooms,
          dreamdust_ecumenical_altar_hidden_monk_grotto, serial_park_tiny_1,
          dk_noncrumbling_4, minmay_tetromino_o4
D:2:      layout_basic, serial_undead, serial_undead_e, serial_undead_c,
          serial_undead_b, serial_undead_a, serial_undead_b, serial_undead_e,
          glass_columns_c, st_stairs_8
D:3:      cheibrodos_helix_gallery, layout_rooms, mainiacjoe_overflow_alcove_4,
          item_on_display_a
D:4:      layout_basic, fedhas_ov_isle_minmay, minmay_temple_entry_arrows,
          uniq_pikel

Skill      XL: |  1  2  3  4 |
---------------+-------------+-----
Axes           | 3 4 5 |  5.4
Fighting       | |  3.0
Dodging        | |  2.6
Stealth        | |  1.7

Action                   |  1- 3 |  4- 6 || total
-------------------------+-------+-------++-------
Melee: Hand axe          |   160 |   132 ||   292
       Punch             |       |     3 ||     3
 Stab: Sleeping          |     2 |       ||     2
Armor: Robe              |    12 |       ||    12
       Scale mail        |    28 |    35 ||    63
       Leather armour    |     5 |       ||     5
       Ring mail         |     2 |       ||     2
       Chain mail        |       |    16 ||    16
Dodge: Dodged            |   144 |    73 ||   217
